 Dungeon Crawl Stone Soup version 0.31-a0-196-g86fe4a5e66 (console) character file.

Game seed: 8697086180203667255

9 petzl the Sneak (level 2, -9/24 HPs)
             Began as a Formicid Delver on June 24, 2023.
             Killed by divine providence
             ... invoked by an orc priest
              (12 damage)
             ... on level 5 of the Dungeon.
             The game lasted 00:00:55 (59 turns).

petzl the Sneak (Formicid Delver)                     Turns: 59, Time: 00:00:57

Health: -9/24      AC:  3    Str: 16    XL:     2   Next: 25%
Magic:  2/2        EV: 12    Int:  9    God:
Gold:   0          SH:  0    Dex: 15    Spells: 1/1 levels left

rFire   . . .        a - +0 mace
rCold   . . .        (no shield)
rNeg    . . .        b - +0 leather armour
rPois   .            (helmet unavailable)
rElec   .            (no cloak)
rCorr   .            (no gloves)
SInv    +            (no boots)
Will    .....        (no amulet)
Stlth   +++          (no ring)
HPRegen 0.24/turn    (no ring)
MPRegen 0.08/turn

%: no passive effects
@: no status effects
A: permanent stasis, dig shafts and tunnels, antennae 3, four strong arms
a: Dig, Shaft Self


You were on level 5 of the Dungeon.
You visited 1 branch of the dungeon, and saw 3 of its levels.

Inventory:

Hand Weapons
 a - a +0 mace (weapon)
Armour
 b - a +0 leather armour (worn)
Wands
 f - a wand of digging (3)
Scrolls
 c - a scroll of fog
 d - a scroll of revelation
 e - a scroll of fear
Potions
 g - a potion of ambrosia {unknown}


   Skills:
 - Level 3.4 Fighting
 - Level 2.2 Maces & Flails
 - Level 2.0 Dodging
 - Level 6.1 Stealth
 + Level 0.0 Spellcasting


You had one spell level left.
You didn't know any spells.
Your spell library was empty.

Dungeon Overview and Level Annotations

Branches:
Dungeon (7/15)
 Temple: D:4-7

Altars:

Shops:
D:5 =

Annotations:
D:5 exclusion: sensed monster (detected)
D:6 exclusion: downstairs


Innate Abilities, Weirdness & Mutations

You cannot be hasted, slowed, berserked, paralysed or teleported.
You can dig through walls and to a lower floor.
You have a pair of large antennae on your head. (SInv)
Your four strong arms can wield two-handed weapons with a shield.


Message History

There is a stone staircase leading up here.
You climb upwards.
There is a stone staircase leading down here.
Press: ? - help, v - describe, . - travel A stone staircase leading down.
Placed new exclusion.
Reduced exclusion size to a single square.
Unknown command.
There is a stone staircase leading up here.
You climb upwards.
There is a stone staircase leading down here.
Press: ? - help, . - travel You can't see that place.
Placed new exclusion.
Unknown command.
An orc comes into view. It is wielding a +0 mace.
The orc shouts!
You hear a shout!
An orc comes into view. It is wielding a +0 hand axe.
An orc wizard comes into view. It is wielding a +0 dagger.
Found a stone staircase leading up.
The orc wizard moves out of view.
An orc priest comes into view. It is wielding a +0 dagger.
An orc comes into view. It is wielding a +0 dagger.
Found 2 gold pieces.
A centaur comes into view.
Found a stone staircase leading up.
The centaur shouts!
You hear a shout! x2
An orc priest comes into view. It is wielding a +0 hand axe.
The centaur wields a +0 shortbow.
The centaur shoots an arrow.
The arrow hits you!
A centaur comes into view.
You hear a shout!
Are you sure you want to shaft yourself?
You begin to dig a shaft.
You continue digging a shaft.
The centaur shoots an arrow.
The arrow hits you!
Ouch! That really hurt!
* * * LOW HITPOINT WARNING * * *
The orc priest invokes the aid of Beogh against you.
Beogh smites you!
Ouch! That really hurt!
You die...

.......... .
.........###.##.
..........
.................#.
.................##...
......................
..###.##.#.##.......#.
#. #.#.........## #
#.##.........# #.
#...........
##.##.......


You could see 2 centaurs, an orc priest, an orc wizard and an orc.

Vanquished Creatures
  An adder (D:6)
1 creature vanquished.

Notes
Turn   | Place    | Note
-------+----------+-------------------------------------------
     0 | D:5      | petzl the Formicid Delver began the quest for the Orb.
     0 | D:5      | Reached XP level 1. HP: 18/18 MP: 1/1
    13 | D:6      | Reached XP level 2. HP: 24/24 MP: 2/2
    25 | D:7      | Noticed a bullfrog
    56 | D:5      | Noticed a centaur
    57 | D:5      | Noticed a centaur
    59 | D:5      | Killed from afar by an orc priest

Illustrated notes

Levels and vault maps discovered:
D:5:      layout_cave_pools, serial_shops, nicolae_shop_gaudy_bauble,
          uniq_menkaure
D:6:      layout_rooms
D:7:      layout_rooms, temple_green, nicolae_ossuary_entry_false_entrances,
          enter_bailey_3

Skill      XL: |  1 |
---------------+----+-----
Dodging        | 2 |  2.0
Fighting       | |  3.4
Maces & Flails | |  2.2
Stealth        | |  6.1

Action                     || total
---------------------------++-------
  Melee: Mace              ||     3
Ability: Shaft Self        ||     1
   Stab: Sleeping          ||     1
  Dodge: Dodged            ||     3

Table legend: (Time is in decaauts)
 A = Elapsed time spent in this place.
 B = Non-inter-level travel time spent in this place.
 C = Inter-level travel time spent in this place.
 D = Time resting spent in this place.
 E = Time spent auto-exploring this place.
 F = Levels seen in this place.
 G = Mean time per level.
                   A        B        C        D        E       F      G
               +--------+--------+--------+--------+--------+-----+--------+
         Total |     60 |     60 |      0 |      0 |      0 |   3 |   20.0 |
       Dungeon |     60 |     60 |      0 |      0 |      0 |   3 |   20.0 |
               +--------+--------+--------+--------+--------+-----+--------+

Top non-repeatable levels by time:
     D:5: 35 daAuts
     D:6: 23 daAuts
     D:7: 1 daAuts
